 Dungeon Crawl Stone Soup version 0.29.0-3-gbb0933ed62 (webtiles) character file.

Game seed: 3242183568435683097

1328 Mahakala the Cudgeller (level 8, -7/51 HPs)
             Began as a Gargoyle Monk on Aug 24, 2022.
             Was a Priest of Zin.
             Mangled by an orc
             ... wielding a +0 flail
              (8 damage)
             ... on level 7 of the Dungeon on Aug 26, 2022.
             The game lasted 00:23:45 (5809 turns).

Mahakala the Cudgeller (Gargoyle Monk)              Turns: 5809, Time: 00:23:45

Health: -7/51      AC: 20    Str: 18    XL:     8   Next: 60%
Magic:  11/11      EV:  8    Int: 10    God:    Zin [***...]
Gold:   120        SH:  0    Dex: 12    Spells: 7/7 levels left

rFire   . . .      SeeInvis .   a - +1 mace
rCold   . . .      Faith    .   (no shield)
rNeg    + . .      Spirit   .   C - +3 chain mail
rPois   ∞          Reflect  .   (no helmet)
rElec   +          Harm     .   u - +1 cloak
rCorr   .          Rampage  .   (no gloves)
Will    .....                   (no boots)
Stlth   ..........              (no amulet)
HPRegen 0.17/turn               (no ring)
MPRegen 0.12/turn               (no ring)

@: no status effects
A: sickness immunity, AC +5, negative energy resistance 1, electricity
resistance, torment resistance 1, petrification resistance
a: Renounce Religion, Recite, Vitalisation, Imprison, Donate Gold


You were on level 7 of the Dungeon.
You worshipped Zin.
Zin was most pleased with you.
You visited 1 branch of the dungeon, and saw 7 of its levels.

You collected 233 gold pieces.
You spent 90 gold pieces at shops.
You donated 23 gold pieces to Zin.

Inventory:

Hand Weapons
 a - a +1 mace (weapon)
 b - a +0 sling
Missiles
 d - 81 stones
 e - 3 poisoned darts
 n - 4 boomerangs
 s - 3 silver boomerangs (quivered)
 w - a curare-tipped dart {!f}
Armour
 u - a +1 cloak (worn)
 v - the +1 helmet of Untold Secrets {Rampage rF+ SInv}
   (You found it on level 3 of the Dungeon)

   rF:        It protects you from fire.
   SInv:      It lets you see invisible.
   Rampage:   It bestows one free step when moving towards enemies.
 C - a +3 chain mail (worn)
Jewellery
 i - a ring of fire
Wands
 p - a wand of roots (1)
Scrolls
 f - a scroll of acquirement {unknown}
 h - a scroll of amnesia
 j - a scroll of enchant weapon
 k - a scroll of brand weapon {unknown}
 l - 2 scrolls of enchant armour {unknown}
 m - 3 scrolls of identify {@r1}
 q - 3 scrolls of teleportation {@r4}
 t - a scroll of noise {unknown}
 x - a scroll of magic mapping {unknown}
 y - a scroll of immolation {unknown}
 z - a scroll of summoning {unknown}
 D - 2 scrolls of vulnerability {unknown}
 E - a scroll of fog {unknown}
Potions
 c - 3 potions of ambrosia
 g - 3 potions of lignification {!q}
 o - a potion of heal wounds {unknown}
 r - 2 potions of curing {@q1}
 A - a potion of cancellation {unknown}
 B - 3 potions of flight {unknown}
 F - 2 potions of mutation {unknown}


   Skills:
 - Level 6.0 Fighting
 * Level 7.4 Maces & Flails
 + Level 4.8 Armour
 - Level 2.4 Dodging
 - Level 2.1 Stealth
 + Level 4.0 Invocations


You had 7 spell levels left.
You didn't know any spells.
Your spell library contained the following spells:

 Spells                   Type           Power      Damage    Failure   Level
 Iskenderun's Battlesphe  Conj           0%         2d6       100%        5
 Iron Shot                Conj/Erth      0%         9d1       100%        6
 Spellforged Servitor     Conj/Summ      0%         N/A       100%        7


Dungeon Overview and Level Annotations

Branches:
Dungeon (7/15)             Temple (0/1) D:4

Altars:
Dithmenos
Elyvilon
Zin

Annotations:
D:4 Dowan, Duvessa, Grinder


Innate Abilities, Weirdness & Mutations

You are immune to sickness and miasma.
Your stone body is resilient. (AC +5)
You are immune to poison.
You resist negative energy. (rN+)
You are resistant to electric shocks. (rElec)
You are resistant to unholy torment.
You are immune to petrification.


Message History

The orc shouts!
You hit the orc priest.
The orc priest is heavily wounded.
The orc priest closely misses you.
You hit the orc priest but do no damage.
The orc priest is heavily wounded.
The orc priest hits you but does no damage.
You hit the orc priest.
The orc priest is severely wounded.
The orc priest barely misses you.
You closely miss the orc priest.
The orc priest is severely wounded.
The orc priest invokes the aid of Beogh against you.
Beogh smites you!
* * * LOW HITPOINT WARNING * * *
You hit the orc priest but do no damage.
The orc priest is severely wounded.
The orc priest hits you but does no damage.
You hit the orc priest but do no damage.
The orc priest is severely wounded.
The orc priest calls down the wrath of Beogh upon you.
You struggle to resist.
The orc barely misses you.
You hit the orc priest but do no damage.
The orc priest is severely wounded.
The orc hits you but does no damage.
The orc priest hits you but does no damage.
The orc barely misses you.
You sock the orc priest!
You kill the orc priest!
The orc hits you but does no damage. The orc barely misses you.
You see here a howler monkey corpse.
The orc attacks as you move away! The orc hits you with a +0 flail.
* * * LOW HITPOINT WARNING * * *
You hit the orc.
The orc is heavily wounded.
The orc hits you but does no damage.
You barely miss the orc.
The orc is heavily wounded.
The orc hits you with a +0 flail!
You die...

#.# ... .. #.#
.. #.# .. #.# #.
#.# #. #.# #.
#@#
######.##o##.#
.........o...#
..######.##.####
>.# ## #.# #.#
#.# #.# #.# ..#
#.#
.#####.#######
#.##


You could see 2 orcs.

Vanquished Creatures
  Sigmund (D:4)
  A water moccasin (D:7)
  2 black bears
  Pargi (D:4)
  4 phantoms
  A necrophage (D:6)
  A howler monkey (D:7)
  2 jellies
  2 orc priests
  A hound (D:6)
  4 gnolls (D:6)
  7 adders
  2 ufetubi
  3 worms
  2 dart slugs
  8 orcs
  5 ball pythons
  7 endoplasms
  4 giant cockroaches
  12 goblins
  8 hobgoblins
  7 jackals
  5 quokkas
  7 bats
  3 frilled lizards
  6 kobolds
  11 rats
117 creatures vanquished.

Vanquished Creatures (others)
  An orc wizard (D:6)
1 creature vanquished.

Grand Total: 118 creatures vanquished

Notes
Turn   | Place    | Note
-------+----------+-------------------------------------------
     0 | D:1      | Mahakala the Gargoyle Monk began the quest for the Orb.
     0 | D:1      | Reached XP level 1. HP: 14/14 MP: 1/1
    56 | D:1      | Reached XP level 2. HP: 14/19 MP: 2/2
   531 | D:1      | Reached XP level 3. HP: 20/24 MP: 3/3
   730 | D:1      | Upgraded the game from 0.29.0 to 0.29.0-3-gbb0933ed62
   959 | D:2      | Reached skill level 1 in Armour
  1190 | D:2      | Found a faded altar of an unknown god.
  1420 | D:2      | Reached skill level 4 in Maces & Flails
  1498 | D:2      | Reached XP level 4. HP: 27/29 MP: 4/4
  1667 | D:2      | Identified the +1 leather armour of Light {Regen+ Str+3}
  2407 | D:3      | Reached XP level 5. HP: 28/33 MP: 5/5
  2525 | D:3      | Found Zin's Purification Station.
  2528 | D:3      | Found a glowing silver altar of Zin.
  2532 | D:3      | Became a worshipper of Zin the Law-Giver
  2532 | D:3      | Reached * piety under Zin
  2532 | D:3      | Reached ** piety under Zin
  2581 | D:3      | Bought a potion of curing for 90 gold pieces
  2745 | D:3      | Identified the +1 helmet of Untold Secrets {Rampage rF+
                  | SInv}
  3175 | D:3      | Found a shadowy altar of Dithmenos.
  3283 | D:4      | Found a staircase to the Ecumenical Temple.
  3290 | D:4      | Noticed Pargi
  3340 | D:4      | Zin protects you from harm!
  3342 | D:4      | Killed Pargi
  3343 | D:4      | Reached skill level 5 in Maces & Flails
  3343 | D:4      | Reached skill level 1 in Invocations
  3343 | D:4      | Reached XP level 6. HP: 4/39 MP: 6/6
  3617 | D:4      | Noticed Sigmund
  3619 | D:4      | Noticed Grinder
  3637 | D:4      | Killed Sigmund
  3757 | D:4      | Reached XP level 7. HP: 36/44 MP: 8/8
  3829 | D:4      | Noticed Dowan
  3830 | D:4      | Noticed Duvessa
  3860 | D:5      | Entered Level 5 of the Dungeon
  3880 | D:5      | Reached skill level 5 in Fighting
  3949 | D:5      | Reached skill level 6 in Maces & Flails
  4609 | D:6      | Reached XP level 8. HP: 50/50 MP: 10/10
  4632 | D:6      | Found a white marble altar of Elyvilon.
  4808 | D:6      | Reached *** piety under Zin
  5305 | D:6      | Reached skill level 7 in Maces & Flails
  5659 | D:6      | Identified the +4 war axe "Itomacvuu" {holy, rC+ Str-3
                  | Int+4}
  5807 | D:7      | HP: 1/51 [orc/+0 flail (4)]
  5809 | D:7      | Mangled by an orc

Illustrated notes

Levels and vault maps discovered:
D:1:      lightli_arrival_statuegarden, layout_basic
D:2:      minmay_razor_zed, layout_loops_ring, chequers_ecumenical_altar_island
D:3:      layout_rooms, zin_purify, grunt_dithmenos_smoke_and_mirrors
D:4:      layout_basic, minmay_temple_entry_large_hall,
          hangedman_abyss_or_decor_passed, uniq_sigmund, uniq_grinder,
          uniq_menkaure, uniq_pargi, uniq_duvessa
D:5:      layout_rooms
D:6:      layout_basic, elyvilon_altar_4
D:7:      layout_basic, enter_bailey_5, minmay_misc_feat_doors, nicolae_titane

Skill      XL: |  1  2  3  4  5  6  7  8 |
---------------+-------------------------+-----
Armour         | 1 2 3 4 |  4.8
Maces & Flails | 4 5 6 7 |  7.4
Fighting       | 4 5 6 |  6.0
Invocations    | 1 2 3 4 |  4.0
Dodging        | |  2.4
Stealth        | |  2.1

Action                   |  1- 3 |  4- 6 |  7- 9 || total
-------------------------+-------+-------+-------++-------
Melee: Mace              |   122 |   182 |   176 ||   480
       Punch             |     2 |     1 |     3 ||     6
 Fire: Sling             |    11 |       |       ||    11
Throw: Stone             |     4 |       |       ||     4
       Dart              |       |     3 |     5 ||     8
       Boomerang         |       |       |    12 ||    12
Invok: Recite            |       |     1 |       ||     1
Evoke: Wand              |       |     4 |       ||     4
  Use: Scroll            |       |     4 |       ||     4
 Stab: Sleeping          |     1 |       |       ||     1
Armor: Robe              |     7 |       |       ||     7
       Chain mail        |    72 |   180 |   149 ||   401
Dodge: Dodged            |    53 |    95 |    99 ||   247
